[Event "Late-Titled-Tuesday-Blitz-April-23-2024"]
[Site "Chess.com"]
[Date "2024.04.23"]
[Round "1"]
[White "jlf287"]
[Black "jefferyx"]
[Result "0-1"]
[WhiteElo "2540"]
[BlackElo "3107"]
[TimeControl "180+1"]
[EndTime "14:05:59 PDT"]
[Termination "jefferyx won by resignation"]

1. d4 Nf6 2. c4 e6 3. g3 c5 4. Nf3 cxd4 5. Nxd4 a6 6. Bg2 Qc7 7. Nc3 Qxc4 8. O-O Nc6 9. Nb3 h5 10. e4 h4 11. Re1 hxg3 12. hxg3 Ne5 13. Bf4 Nfg4 14.
Bf1 Qb4 15. Bg2 Qb6 16. Qd2 Nd3 17. Re2 Nde5 18. Rd1 d6 19. Qc2 Bd7 20. a4 Rc8 21.
a5 Qa7 22. Nd4 Be7 23. Qb1 g5 24. Bc1 Rc4 25. Nc2 Qc5 26. Ne3 Nxe3 27. Bxe3 Qxa5 28. f4 gxf4 29. gxf4 Ng4 30. Rd4 Nxe3 31. Qd3 Qc5 32. b4 Qxd4 0-1

[Event "Late-Titled-Tuesday-Blitz-April-23-2024"]
[Site "Chess.com"]
[Date "2024.04.23"]
[Round "1"]
[White "JoakimVonAnd"]
[Black "AsaHoffmann"]
[Result "1-0"]
[WhiteElo "2688"]
[BlackElo "2380"]
[TimeControl "180+1"]
[EndTime "14:05:59 PDT"]
[Termination "JoakimVonAnd won on time"]

1. d4 Nf6 2. Nf3 d6 3. Bf4 Bg4 4. e3 Nbd7 5. Be2 c6 6. h3 Bh5 7. O-O e6 8. c4 Be7 9. Nc3 a6 10. b4 b6 11. Rb1 O-O 12. Bh2 Re8 13. Qd2 Bf8 14. Rfd1 d5 15. c5 b5 16. a4 Bxf3 17.
Bxf3 e5 18. Ra1 Qe7 19. Ra2 g6 20. Rda1 Rac8 21. axb5 axb5 22. Ra7 Qe6 23. R1a6 Bh6 24. Nxb5 Nb8 25. Rb6 Nfd7 26. Nc7 Rxc7 27. Rxc7 Nxb6 28.
cxb6 Bg7 29. dxe5 Bxe5 30. Bxe5 Qxe5 31. Qd4 Qd6 32. b5 cxb5 33. Bxd5 1-0

[Event "Late-Titled-Tuesday-Blitz-April-23-2024"]
[Site "Chess.com"]
[Date "2024.04.23"]
[Round "1"]
[White "KNVB"]
[Black "MarkoPe"]
[Result "1-0"]
[WhiteElo "2714"]
[BlackElo "2406"]
[TimeControl "180+1"]
[EndTime "14:06:00 PDT"]
[Termination "KNVB won on time"]

1. d4 c6 2. Bf4 d6 3. e3 Nd7 4. Nf3 Ngf6 5. h3 g6 6. Bh2 Bg7 7. c3 O-O 8. Be2 Qc7 9. O-O e5 10. c4 b6 11. Nc3 a5 12. Re1 Re8 13. Rc1 Bb7 14. a3 Rad8 15. b4 axb4 16. axb4 Ra8 17. c5 bxc5 18. bxc5 exd4 19. cxd6 Qa5 20. Nxd4 c5 21. Ndb5 Rac8 22. Ra1 Qb6 23. Rb1 Qc6 24. Bf3 Qa6 25. Bxb7 Qxb7 26. Nc7 Qc6 27. Nxe8 Rxe8 28. Qa4 Qc8 29. Nb5 Ne4 30. Rec1 Qd8 31. Nc7 Re6 32. Nxe6 fxe6 33. Qxe4 1-0

[Event "Late-Titled-Tuesday-Blitz-April-23-2024"]
[Site "Chess.com"]
[Date "2024.04.23"]
[Round "1"]
[White "lamomiajunior"]
[Black "kleber2007"]
[Result "1-0"]
[WhiteElo "2749"]
[BlackElo "2438"]
[TimeControl "180+1"]
[EndTime "14:06:02 PDT"]
[Termination "lamomiajunior won by resignation"]

1. d4 d5 2. Nc3 Nf6 3. Bf4 c5 4. e4 Nxe4 5. Bb5+ Nc6 6. Nxe4 dxe4 7. Ne2 Bd7 8. dxc5 e6 9. Nc3 Bxc5 10. O-O O-O 11.
Nxe4 Be7 12. Bd6 Bxd6 13. Qxd6 Qb6 14. Qc5 Rfd8 15. Qxb6 axb6 16. Rfd1 Ne5 17. Bxd7 Rxd7 18. Rxd7 Nxd7 19. a3 Nc5 20. Nxc5 bxc5 21. Rd1 b5 22. Kf1 b4 23. axb4 cxb4 24. Rd4 Rb8 25. Ke2 g5 26. Kd3 Kg7 27. Kc4 Kf6 28. Kb3 Rb5 29. Rxb4 Rf5 30. f3 Re5 31. h4 h6 32. hxg5+ hxg5 33. c4 Re2 34. c5 Ke7 35. Rb7+ Ke8 36. c6 Kd8 37. Rxf7 Rxg2 38. Kc3 Rg3 39. Kd4 g4 40.
fxg4 Rxg4+ 41. Kc5 e5 42. b4 e4 43. Kb6 Rg6 44. Kb7 1-0

[Event "Late-Titled-Tuesday-Blitz-April-23-2024"]
[Site "Chess.com"]
[Date "2024.04.23"]
[Round "1"]
[White "WindWhistler11"]
[Black "Shankland"]
[Result "0-1"]
[WhiteElo "2531"]
[BlackElo "3060"]
[TimeControl "180+1"]
[EndTime "14:06:04 PDT"]
[Termination "Shankland won on time"]

1. Nf3 d5 2. c4 c6 3. e3 Nf6 4. b3 Bg4 5. Bb2 e6 6. Be2 Bd6 7. d3 O-O 8. h3 Bh5 9. g4 Bg6 10. Nh4 Nbd7 11. Nxg6 hxg6 12. Nd2 e5 13. Qc2 a5 14. a3 Qe7 15. h4 d4 16. g5 Nh5 17.
Ne4 Nc5 18. Nxd6 Qxd6 19. O-O-O Rad8 20. Kb1 Rfe8 21. Bxh5 gxh5 22. e4 b5 23. Rc1 Rc8 24. Rhf1 Qe6 25. f4 Qh3 26. Rcd1 Rb8 27. cxb5 Rxb5 28.
a4 Rxb3 29. Qxc5 Reb8 30. Rf2 Rxd3 31. Rc1 Rc3 32. Qxe5 Qd3+ 33. Ka2 Ra3+ 0-1

[Event "Late-Titled-Tuesday-Blitz-April-23-2024"]
[Site "Chess.com"]
[Date "2024.04.23"]
[Round "1"]
[White "NoSpaghettiForYou"]
[Black "Sargsyan_Shant"]
[Result "0-1"]
[WhiteElo "2521"]
[BlackElo "2973"]
[TimeControl "180+1"]
[EndTime "14:06:04 PDT"]
[Termination "Sargsyan_Shant won by resignation"]

1. e4 g6 2. d4 Nf6 3. Nc3 d5 4.
e5 Ne4 5. Nce2 f6 6. Nf3 Bg7 7. g3 O-O 8. Bg2 fxe5 9. dxe5 Bg4 10. Qd3 Nc6 11. Bf4 e6 12. h3 Bxf3 13. Bxf3 Ng5 14. Bg2 Nf7 15. Nd4 Nxd4 16. Qxd4 c6 17. O-O Qb6 18. c3 Qxd4 19. cxd4 Bh6 20. Bxh6 Nxh6 21.
Rad1 a5 22. Rd3 a4 23. f4 Ra6 24. Rc1 Rb6 25. Rc2 Nf5 26. Kf2 h5 27. h4 Rb4 28.
Rcd2 Kf7 29. Bh3 Ke7 30. Bxf5 gxf5 31. Ra3 Kd7 32. Ke3 b6 33. b3 Rg8 34. Kf3 Ra8 35.
Ke3 c5 36. Rd3 Kc6 37. Kd2 c4 38. bxc4 dxc4 39. Rdc3 b5 40. Rc2 Rb1 41. Rf3 Kd5 42. Ke2 b4 43. Rd2 b3 44. a3 Rc1 45. Rb2 c3 0-1

[Event "Late-Titled-Tuesday-Blitz-April-23-2024"]
[Site "Chess.com"]
[Date "2024.04.23"]
[Round "1"]
[White "LuisFSiles"]
[Black "Rodalquilar"]
[Result "0-1"]
[WhiteElo "2435"]
[BlackElo "2743"]
[TimeControl "180+1"]
[EndTime "14:06:05 PDT"]
[Termination "Rodalquilar won by resignation"]

1. e4 d5 2. Nc3 dxe4 3. Nxe4 Bf5 4. Ng3 Bg6 5. Nf3 Nd7 6. h4 h6 7. h5 Bh7 8. d4 e6 9. Bd3 Bxd3 10. Qxd3 Ngf6 11.
Bd2 Be7 12. O-O-O O-O 13. Ne2 c5 14. Kb1 cxd4 15. Nfxd4 Nc5 16. Qb5 a6 17. Qa5 Nfe4 18. Qxd8 Rfxd8 19. Be3 Rac8 20. f3 Nf6 21. g4 Nd5 22.
Bf2 Bf6 23. c3 b5 24. Ng3 b4 25. cxb4 Nxb4 26. Ne4 Nxe4 27. fxe4 Rc4 28. a3 Bxd4 29.
axb4 Rxb4 30. Bxd4 Rdxd4 31. Rxd4 Rxd4 32. Re1 a5 33. Kc2 a4 34. Kc3 e5 35. Re2 Kf8 36.
Re3 Ke7 37. Re2 f6 38. Re3 Kd6 39. Rd3 Kc5 40. Rxd4 exd4+ 41. Kd3 Kb4 42. Kxd4 Kb3 43. e5 fxe5+ 44. Kxe5 Kxb2 45. Kf5 a3 46. Kg6 a2 47.
Kxg7 a1=Q 48. Kxh6 Kc2 49. g5 Qh8+ 50. Kg6 Kd3 51.
h6 Ke4 52. Kh5 Kf5 53. g6 Qb2 0-1

[Event "Late-Titled-Tuesday-Blitz-April-23-2024"]
[Site "Chess.com"]
[Date "2024.04.23"]
[Round "1"]
[White "Sesleria"]
[Black "yaguigor"]
[Result "0-1"]
[WhiteElo "2135"]
[BlackElo "2576"]
[TimeControl "180+1"]
[EndTime "14:06:06 PDT"]
[Termination "yaguigor won by resignation"]

1. c4 e5 2. Nc3 d6 3. Nf3 f5 4. d4 e4 5. Ng5 h6 6. Nh3 g5 7. e3 Nf6 8. Ng1 Bg7 9. h4 O-O 10. hxg5 hxg5 11. Nh3 Ng4 12. Be2 Nh6 13. Bd2 c6 14. d5 c5 15. Qc2 Nd7 16. f4 g4 17.
Ng5 Nf6 18. O-O-O Qe7 19. Ne6 Bxe6 20. dxe6 Qxe6 21. Nd5 Nxd5 22. cxd5 Qd7 23. Rh5 Rf6 24. Rdh1 Rg6 25. Bc3 a6 26. Rg5 Rxg5 27. fxg5 Nf7 28. g6 Ne5 29. Bxe5 Bxe5 30. Bxg4 fxg4 31. Qxe4 Rf8 32.
g3 Qf5 33. Qg2 Qxg6 34. Qh2 Rf3 0-1

[Event "Late-Titled-Tuesday-Blitz-April-23-2024"]
[Site "Chess.com"]
[Date "2024.04.23"]
[Round "1"]
[White "Rytenko_V"]
[Black "TigrVShlyape"]
[Result "0-1"]
[WhiteElo "2527"]
[BlackElo "3026"]
[TimeControl "180+1"]
[EndTime "14:06:09 PDT"]
[Termination "TigrVShlyape won by resignation"]

1. d4 d5 2. Nf3 Nf6 3. c4 c6 4. Nc3 a6 5. cxd5 cxd5 6. Bf4 e6 7. e3 Bd6 8. Bxd6 Qxd6 9. Rc1 Nc6 10. Bd3 O-O 11.
O-O Bd7 12. a3 Rfc8 13. Bb1 Be8 14. b4 a5 15. b5 Ne7 16. Qb3 b6 17. Ne5 Nd7 18.
Nxd7 Bxd7 19. Ne2 Rxc1 20. Rxc1 Rc8 21. Rxc8+ Nxc8 22. h4 Qc7 23. Nf4 Nd6 24. a4 Qc1+ 25. Kh2 g6 26. Nd3 Qc7 27. g3 f6 28. h5 g5 29. Kg2 h6 30. Nb2 Be8 31. g4 Bf7 32. Qd3 Ne4 33. Qa3 Qc3 34. Qe7 Kg7 35. Nd1 Qb3 36.
Bxe4 dxe4 37. Qb7 Qxd1 38. Qxb6 Qxg4+ 39. Kf1 Qxh5 40. Qxa5 Qh1+ 41. Ke2 Bh5+ 0-1

[Event "Late-Titled-Tuesday-Blitz-April-23-2024"]
[Site "Chess.com"]
[Date "2024.04.23"]
[Round "1"]
[White "rasmussvane"]
[Black "boracilek"]
[Result "1-0"]
[WhiteElo "2954"]
[BlackElo "2513"]
[TimeControl "180+1"]
[EndTime "14:06:10 PDT"]
[Termination "rasmussvane won by resignation"]

1. Nf3 d5 2. g3 Bf5 3. Bg2 e6 4. O-O Nf6 5. c4 c6 6. Qb3 Qb6 7. d3 Nbd7 8. cxd5 exd5 9. Qc2 Be7 10. Nc3 O-O 11. e4 Bg6 12. Be3 Qa5 13. Nh4 dxe4 14. dxe4 Rad8 15. a3 Ne5 16. Ne2 Qa6 17. Nxg6 hxg6 18.
Rad1 Nc4 19. Bc1 Ng4 20. h3 Nge5 21. Kh2 g5 22. Nd4 g4 23. Nf5 Bf6 24. Qe2 g6 25. Nh6+ Kg7 26. hxg4 Rh8 27. g5 Be7 28. f4 Ne3 29. fxe5 Nxf1+ 30. Rxf1 Rdf8 31. Qf3 Qb5 32. Qxf7+ 1-0

[Event "Late-Titled-Tuesday-Blitz-April-23-2024"]
[Site "Chess.com"]
[Date "2024.04.23"]
[Round "1"]
[White "Arteler"]
[Black "Russian_berezka"]
[Result "0-1"]
[WhiteElo "2313"]
[BlackElo "2631"]
[TimeControl "180+1"]
[EndTime "14:06:10 PDT"]
[Termination "Russian_berezka won on time"]

1. e4 c5 2. Nf3 d6 3. d4 cxd4 4. Nxd4 Nf6 5. Nc3 a6 6. Be3 e5 7. Nb3 Be7 8. f3 Be6 9. Qd2 h5 10. O-O-O Nbd7 11. Be2 b5 12. g4 hxg4 13. Nd5 b4 14.
fxg4 Nxe4 15. Qd3 Bxd5 16. Qxd5 Nef6 17. Qc4 d5 18. Qd3 d4 19. Bg5 Nd5 20. Bxe7 Qxe7 21. Bf3 Nf4 22. Qe4 Rc8 23. Rhe1 d3 24. Qb7 O-O 25. c4 bxc3 0-1

[Event "Late-Titled-Tuesday-Blitz-April-23-2024"]
[Site "Chess.com"]
[Date "2024.04.23"]
[Round "1"]
[White "Firouzja2003"]
[Black "Boorchess"]
[Result "1-0"]
[WhiteElo "3105"]
[BlackElo "2538"]
[TimeControl "180+1"]
[EndTime "14:06:11 PDT"]
[Termination "Firouzja2003 won by resignation"]

1. e4 e5 2. Nf3 Nf6 3. Nxe5 d6 4. Nf3 Nxe4 5. d3 Nf6 6. d4 g6 7. Bd3 Bg7 8. O-O O-O 9. h3 Nc6 10. Re1 Re8 11. Be3 Ne7 12. Nc3 Ned5 13. Nxd5 Nxd5 14. Bg5 Bf6 15. Qd2 Rxe1+ 16. Rxe1 Bd7 17. Be4 Bc6 18. c4 Bxg5 19. Nxg5 Nf6 20. Bxc6 bxc6 21. Qf4 Kg7 22.
Re3 h6 23. Nf3 Qd7 24. Ra3 Qe6 25. Qc1 c5 26. Re3 Qd7 27. dxc5 dxc5 28. Qc3 Qd6 29.
Rd3 Qb6 30. Ne5 Qb4 31. Qc1 Re8 32. Re3 Qa4 33. a3 Rd8 34. b3 Qa6 35. Nd3 Qd6 36. Qc3 Qd4 37. Qxd4 cxd4 38. Re5 Rb8 39. b4 c6 40. Ra5 Rb6 41. Rxa7 Ne4 42. Ne5 Nd2 43. Rxf7+ Kg8 44. Rd7 Ra6 45. Rxd4 Nb1 46. Rd6 Nxa3 47. Rxg6+ Kh7 48. b5 Ra8 49. Rxc6 1-0

[Event "Late-Titled-Tuesday-Blitz-April-23-2024"]
[Site "Chess.com"]
[Date "2024.04.23"]
[Round "1"]
[White "reevecanada"]
[Black "VeraVujovic"]
[Result "1-0"]
[WhiteElo "2616"]
[BlackElo "2259"]
[TimeControl "180+1"]
[EndTime "14:06:11 PDT"]
[Termination "reevecanada won by checkmate"]

1. e4 c6 2. Nf3 d5 3. Nc3 dxe4 4. Nxe4 Nf6 5. Nxf6+ exf6 6. d4 Bd6 7. Bd3 Nd7 8. O-O O-O 9. h3 Re8 10. c4 Nf8 11. b3 Qc7 12. Bb2 Be6 13. Qc2 Rad8 14.
Rfe1 Ng6 15. Bf5 Bxf5 16. Qxf5 Qc8 17. Qxc8 Rxc8 18. g3 Kf8 19. Kg2 Rxe1 20. Rxe1 Re8 21. Rxe8+ Kxe8 22. a3 c5 23. d5 Ne5 24. Nd2 Nd3 25. Ne4 Bf8 26. Bc3 f5 27. Nd2 f6 28.
f4 Ne1+ 29. Kf2 Nc2 30. Bb2 a6 31. Ke2 b5 32. Kd3 Ne1+ 33. Ke2 Nc2 34. Nf3 bxc4 35.
bxc4 Nd4+ 36. Nxd4 cxd4 37. Kd3 Bc5 38. a4 h5 39.
Bxd4 Bb4 40. c5 Be1 41. c6 Bxg3 42. Ke3 g5 43. Bxf6 Bxf4+ 44. Kf3 Bd2 45. d6 g4+ 46. hxg4 fxg4+ 47. Ke2 Ba5 48. Bh4 Bb6 49. Kd3 Ba5 50.
Ke4 Bb6 51. Kf5 Ba5 52. Kg6 Bd8 53. d7+ Kf8 54. Bxd8 g3 55. Bf6 g2 56. d8=R# 1-0

[Event "Late-Titled-Tuesday-Blitz-April-23-2024"]
[Site "Chess.com"]
[Date "2024.04.23"]
[Round "1"]
[White "Naoki"]
[Black "SpeedofLight0"]
[Result "0-1"]
[WhiteElo "2533"]
[BlackElo "3068"]
[TimeControl "180+1"]
[EndTime "14:06:14 PDT"]
[Termination "SpeedofLight0 won by resignation"]

1. e4 Nc6 2. Nf3 d6 3. d4 Nf6 4.
Nc3 g6 5. h3 Bg7 6. Be3 O-O 7.
Be2 e5 8. dxe5 Nxe5 9. O-O Re8 10.
Nd4 Bd7 11. f4 Nc6 12. Bf3 a5 13. Qd2 a4 14. a3 Na5 15. Qd3 Ra6 16. Rae1 Qc8 17.
Bf2 Be6 18. Nxe6 Qxe6 19. e5 dxe5 20. Rxe5 Qc8 21. Rxe8+ Qxe8 22. Re1 Qc8 23. Nxa4 Rd6 24. Qb5 b6 25. f5 Bh6 26. Bg3 Rd8 27. fxg6 hxg6 28. Nc3 Nb7 29. Qe5 Rd6 30. Qe7 Bf8 31. Qe2 Re6 32. Qf2 Bc5 33. Rxe6 fxe6 0-1

[Event "Late-Titled-Tuesday-Blitz-April-23-2024"]
[Site "Chess.com"]
[Date "2024.04.23"]
[Round "1"]
[White "Heliosis11"]
[Black "Korchmar_Vasiliy"]
[Result "0-1"]
[WhiteElo "2402"]
[BlackElo "2709"]
[TimeControl "180+1"]
[EndTime "14:06:16 PDT"]
[Termination "Korchmar_Vasiliy won by checkmate"]

1. e4 e6 2. d4 d5 3. Nc3 Nc6 4. Nf3 Nf6 5. e5 Ne4 6. Bd3 Bb4 7. Bd2 Bxc3 8. Bxc3 Ne7 9. O-O b6 10. Qe2 Bb7 11.
Nd2 O-O 12. f3 Nxc3 13. bxc3 c5 14. Qf2 Qc8 15. f4 Ba6 16. Nf3 Bxd3 17. cxd3 cxd4 18.
cxd4 Qc3 19. Qe3 Nf5 20. Qe1 Qxd3 21. Rd1 Qe3+ 22. Kh1 Qxf4 23. Rd3 Rac8 24. Nd2 Qg5 25. Qf2 Rc2 26. Qe2 Rfc8 27. g3 h5 28. Nf3 Rxe2 29. Nxg5 Rcc2 30. Nf3 g5 31. Re1 Rf2 32. Kg1 g4 33. Nh4 Nxh4 34. gxh4 Rg2+ 35. Kf1 Rcf2# 0-1

[Event "Late-Titled-Tuesday-Blitz-April-23-2024"]
[Site "Chess.com"]
[Date "2024.04.23"]
[Round "1"]
[White "AsterPhoenix"]
[Black "cedchass2006"]
[Result "1-0"]
[WhiteElo "2646"]
[BlackElo "2340"]
[TimeControl "180+1"]
[EndTime "14:06:17 PDT"]
[Termination "AsterPhoenix won on time"]

1. e4 e5 2. Nf3 Nf6 3. d4 Nxe4 4.
Bd3 d5 5. Nxe5 Bd6 6. Nc3 Nxc3 7. bxc3 Nd7 8. O-O O-O 9. Qh5 g6 10.
Qh6 Nxe5 11. Bg5 Ng4 12. Qh4 f6 13. Bd2 f5 14. Bg5 Be7 15. Bxe7 Qe8 16. Rae1 Rf7 17. h3 Be6 18. Rxe6 1-0

[Event "Late-Titled-Tuesday-Blitz-April-23-2024"]
[Site "Chess.com"]
[Date "2024.04.23"]
[Round "1"]
[White "TimGrutter03"]
[Black "NowInChess"]
[Result "1-0"]
[WhiteElo "2612"]
[BlackElo "2253"]
[TimeControl "180+1"]
[EndTime "14:06:18 PDT"]
[Termination "TimGrutter03 won on time"]

1. c4 e5 2. Nc3 d6 3. e3 g6 4.
a3 Bg7 5. b4 Nf6 6. Bb2 O-O 7.
Nf3 Nbd7 8. d4 Re8 9. Be2 c6 10. dxe5 dxe5 11. O-O e4 12. Nd2 Nf8 13. Qc2 Qe7 14.
Rfd1 h5 15. c5 Be6 16. Ndxe4 Nxe4 17. Qxe4 Qc7 18. Qc2 Bf5 19. Bd3 Bg4 20. Rd2 h4 21. h3 Be6 22. Ne4 Nh7 23. Bxg7 Kxg7 24. Qc3+ f6 25.
Nd6 Re7 26. Rad1 Ng5 27. Qc2 f5 28. Qc3+ Kh7 29. Qf6 Kh6 30. Bxf5 Rg7 31. Bxe6 1-0

[Event "Late-Titled-Tuesday-Blitz-April-23-2024"]
[Site "Chess.com"]
[Date "2024.04.23"]
[Round "1"]
[White "Alexei_Gubajdullin"]
[Black "finec2"]
[Result "0-1"]
[WhiteElo "2586"]
[BlackElo "2222"]
[TimeControl "180+1"]
[EndTime "14:06:19 PDT"]
[Termination "finec2 won by checkmate"]

1. Nf3 Nf6 2. g3 g6 3. Bg2 Bg7 4. O-O O-O 5. d3 d6 6. Nbd2 c5 7. e4 Nc6 8. Nc4 b5 9. Re1 bxc4 10. e5 Ne8 11. dxc4 Rb8 12. exd6 Nxd6 13. Nd2 Bb7 14. c3 Ne5 15. Bxb7 Rxb7 16. Qe2 e6 17. f4 Nd7 18. Rd1 Qc7 19. Nf3 Nf5 20. Rd3 h5 21. b3 Rd8 22. Bd2 Nb8 23. Be1 Rxd3 24. Qxd3 Qd6 25. Qe2 Rd7 26. Bf2 Qd3 27. Qxd3 Rxd3 28. Ne5 Bxe5 29. fxe5 Nd7 30. b4 Rxc3 31. Rd1 Nxe5 32.
Bxc5 Rxc4 33. a3 a6 34. Rd8+ Kg7 35. Rc8 Re4 36. Bf8+ Kf6 37. Rc2 h4 38. gxh4 Nxh4 39. a4 Re1+ 40. Kf2 Nd3+ 41. Kg3 Nf5+ 42. Kf3 Re3+ 43.
Kg4 Ne5+ 44. Kf4 g5# 0-1

[Event "Late-Titled-Tuesday-Blitz-April-23-2024"]
[Site "Chess.com"]
[Date "2024.04.23"]
[Round "1"]
[White "ritanovikova"]
[Black "Mackster23"]
[Result "0-1"]
[WhiteElo "2182"]
[BlackElo "2586"]
[TimeControl "180+1"]
[EndTime "14:06:20 PDT"]
[Termination "Mackster23 won on time"]

1. e4 c6 2. d4 d5 3. Nd2 g6 4.
Ngf3 Bg7 5. c3 dxe4 6. Nxe4 Nf6 7. Nxf6+ exf6 8. h3 O-O 9. Be2 Re8 10. Be3 Be6 11. O-O Nd7 12. Re1 b5 13. Qd2 Nb6 14. b3 Qd7 15. Kh2 Nd5 16. Rac1 Nxe3 17. fxe3 Bh6 18.
Qd3 Qd6+ 19. Kh1 Bf5 20. Qd1 Bxe3 21. Bd3 Bxd3 22. Qxd3 Bxc1 23. Rxc1 Re7 24. Rf1 Rae8 25. Ng1 Kg7 26. Qd2 Re3 27. c4 bxc4 28. bxc4 R3e4 29. Nf3 c5 30. Rd1 cxd4 31. Qa5 d3 32. c5 Qg3 33. Qxa7 d2 34. c6 Re1+ 0-1

[Event "Late-Titled-Tuesday-Blitz-April-23-2024"]
[Site "Chess.com"]
[Date "2024.04.23"]
[Round "1"]
[White "ural58"]
[Black "Szachulec75"]
[Result "1-0"]
[WhiteElo "2565"]
[BlackElo "2072"]
[TimeControl "180+1"]
[EndTime "14:06:20 PDT"]
[Termination "ural58 won by resignation"]

1. e4 d6 2. d4 Nf6 3. Nc3 c6 4. f4 Qb6 5. a3 Nbd7 6. Be3 Qc7 7. h3 e5 8. Nf3 Be7 9. g4 O-O 10. Bg2 Re8 11. O-O Bf8 12. g5 exf4 13. gxf6 fxe3 14. fxg7 Bxg7 15. Qd3 d5 16. e5 f6 17. Qxe3 fxe5 18. dxe5 Nxe5 19. Rae1 Nxf3+ 20. Qxf3 Rxe1 21. Rxe1 Bd7 22.
Re7 Rf8 23. Qe2 Qd6 24. Nd1 Bc8 25. c3 Qg6 26. Nf2 Kh8 27. Ng4 h5 28. Nf2 Bf6 29. Rc7 d4 30. Kh1 dxc3 31. bxc3 Bxc3 32. Be4 Qg3 33.
Rh7+ Kg8 34. Qc4+ 1-0

[Event "Late-Titled-Tuesday-Blitz-April-23-2024"]
[Site "Chess.com"]
[Date "2024.04.23"]
[Round "1"]
[White "B_nn_t"]
[Black "olakenn"]
[Result "1-0"]
[WhiteElo "2552"]
[BlackElo "1910"]
[TimeControl "180+1"]
[EndTime "14:06:20 PDT"]
[Termination "B_nn_t won on time"]

1. e4 c6 2. Nf3 d5 3. Nc3 Bg4 4. h3 Bxf3 5. Qxf3 e6 6. Be2 Nf6 7. O-O dxe4 8. Nxe4 Nxe4 9. Qxe4 Nd7 10. d4 Nf6 11. Qe3 Bd6 12. b3 Qc7 13. Bb2 O-O 14. c4 b5 15. Rad1 bxc4 16. bxc4 Be7 17. Bd3 Rab8 18. Ba1 Qa5 19. Bb1 Rfd8 20. Rfe1 Rb7 21.
Qd3 g6 22. Qf3 Qa3 23. Qxc6 Rbd7 24. d5 Qd6 25. Qxd6 Rxd6 26. Be5 R6d7 27. d6 Bxd6 28. Bxf6 Bh2+ 29. Kxh2 Rxd1 30. Rxd1 Rxd1 31. Bc2 Rd2 32. Bb3 Rxf2 33. Bd4 Rd2 34. Bxa7 Kg7 35. c5 Rd7 36. Bb6 Rd8 37. Bxd8 1-0

[Event "Late-Titled-Tuesday-Blitz-April-23-2024"]
[Site "Chess.com"]
[Date "2024.04.23"]
[Round "1"]
[White "emeli_chess"]
[Black "grzechu96"]
[Result "0-1"]
[WhiteElo "2451"]
[BlackElo "2792"]
[TimeControl "180+1"]
[EndTime "14:06:21 PDT"]
[Termination "grzechu96 won by resignation"]

1. d4 d5 2. c4 e6 3. Nc3 c6 4. e3 Nf6 5. Nf3 Nbd7 6. Bd3 dxc4 7. Bxc4 b5 8. Bd3 a6 9. e4 c5 10.
d5 Bb7 11. O-O Qc7 12. dxe6 fxe6 13. Bc2 Bd6 14. Ng5 Nf8 15. f4 O-O-O 16. Qf3 h6 17.
Nxe6 Nxe6 18. Qh3 Kb8 19. Qxe6 Bc8 20. Nd5 Bxe6 21. Nxc7 Bxc7 22. e5 Nd5 23. Be4 Rhf8 24. f5 Bxe5 25. fxe6 Bd4+ 26. Be3 Nxe3 27. e7 Rxf1+ 28.
Rxf1 Nxf1+ 29. Kxf1 Re8 0-1

[Event "Late-Titled-Tuesday-Blitz-April-23-2024"]
[Site "Chess.com"]
[Date "2024.04.23"]
[Round "1"]
[White "TheoSlade"]
[Black "RealPerangel"]
[Result "0-1"]
[WhiteElo "2392"]
[BlackElo "2698"]
[TimeControl "180+1"]
[EndTime "14:06:21 PDT"]
[Termination "RealPerangel won on time"]

1. d4 c5 2. d5 Nf6 3. c4 g6 4. Nc3 Bg7 5. e4 O-O 6. Nf3 d6 7. Be2 e5 8. O-O Ne8 9. Ne1 f5 10. exf5 gxf5 11. Qc2 Nd7 12. f3 Qh4 13. Bd3 e4 14.
fxe4 f4 15. Nf3 Qh5 16. Ne2 Be5 17. Bd2 Ng7 18. Bc3 Rf6 19. Rf2 Rh6 20. Raf1 Nf8 21.
Bxe5 dxe5 22. g3 Bg4 23. gxf4 Bxf3 24. Ng3 Qg4 25. Rxf3 Ng6 26. f5 Nf4 27. Qd2 Rh4 28.
Qe3 b6 29. Kh1 Ngh5 30. Nxh5 Qxh5 31. Rg3+ Kf7 32. Qf2 Rg8 33. Rxg8 Kxg8 34. Rg1+ Kf7 35. Bc2 Nh3 36. Qg3 Rg4 37. Qe3 Rxg1+ 38. Qxg1 Nxg1 0-1

[Event "Late-Titled-Tuesday-Blitz-April-23-2024"]
[Site "Chess.com"]
[Date "2024.04.23"]
[Round "1"]
[White "IngOscarArdila"]
[Black "karinachess1"]
[Result "0-1"]
[WhiteElo "2265"]
[BlackElo "2620"]
[TimeControl "180+1"]
[EndTime "14:06:21 PDT"]
[Termination "karinachess1 won by resignation"]

1. d4 Nf6 2. c4 e6 3. Nc3 d5 4.
Bg5 Be7 5. Nf3 O-O 6. e3 h6 7.
Bh4 Ne4 8. Bxe7 Qxe7 9. Nxe4 dxe4 10. Nd2 f5 11. Be2 Nd7 12. O-O Nf6 13. f4 Rd8 14.
Qb3 c5 15. Qc3 cxd4 16. exd4 Bd7 17. Rac1 Rac8 18. Qe3 b5 19. b3 Qa3 20. Rc2 a6 21. Rfc1 Be8 22. h3 Bh5 23. Bxh5 Nxh5 24. cxb5 Rxc2 25.
Rxc2 axb5 26. g4 Nf6 27. g5 Nd5 28. Qe2 Qd6 29. Qxb5 Qxf4 30. Qc6 Qg3+ 31. Kh1 Qxh3+ 32. Kg1 Nf4 33. Nxe4 fxe4 34. Rf2 e3 35. Rxf4 Qg3+ 36.
Kh1 Qxf4 37. Qxe6+ Kh8 38. g6 0-1

[Event "Late-Titled-Tuesday-Blitz-April-23-2024"]
[Site "Chess.com"]
[Date "2024.04.23"]
[Round "1"]
[White "only_strong_moves"]
[Black "Kavyev_Ruslan"]
[Result "1-0"]
[WhiteElo "2713"]
[BlackElo "2413"]
[TimeControl "180+1"]
[EndTime "14:06:22 PDT"]
[Termination "only_strong_moves won by resignation"]

1. Nc3 d5 2. e4 dxe4 3. Nxe4 c6 4. d4 Nf6 5. Nxf6+ exf6 6. Be3 Bd6 7. Bd3 h5 8. Qd2 Be6 9. a3 Nd7 10. Ne2 O-O 11. h3 b5 12. O-O Nb6 13. Bf4 Nc4 14.
Qc1 Bxf4 15. Nxf4 Qxd4 16. c3 Qc5 17. b4 Qg5 18. Nxe6 Qxc1 19. Raxc1 fxe6 20. Bxc4 bxc4 21. Rfe1 Kf7 22. Re4 Rfd8 23. Rxc4 Rd6 24. Rc5 Rad8 25. Rxh5 Rd2 26. Rc5 Ra2 27. Rxc6 Rdd2 28. Rf1 Rxa3 29. b5 Rc2 30. c4 Rac3 31. Rc7+ Kg6 32. Rxa7 Rxc4 33. Rb1 Rc1+ 34. Rxc1 Rxc1+ 35. Kh2 Rb1 36. Rb7 e5 37. Kg3 Kf5 38. f3 Rb2 39. h4 g5 40. h5 Rb3 41. h6 g4 42. h7 gxf3 43. gxf3 e4 44. h8=Q Rxf3+ 45. Kg2 Rf4 46. Qh5+ Ke6 47.
Rb6+ Ke7 48. Qc5+ 1-0

[Event "Late-Titled-Tuesday-Blitz-April-23-2024"]
[Site "Chess.com"]
[Date "2024.04.23"]
[Round "1"]
[White "djano"]
[Black "ilya2700"]
[Result "1-0"]
[WhiteElo "2629"]
[BlackElo "2310"]
[TimeControl "180+1"]
[EndTime "14:06:22 PDT"]
[Termination "djano won on time"]

1. e4 c5 2. Nc3 Nc6 3. f4 g6 4. Nf3 Bg7 5. a4 e6 6. e5 Nge7 7. Ne4 O-O 8. Nxc5 d6 9. exd6 Qxd6 10. Ne4 Qxf4 11. d3 Qc7 12. Be2 Nf5 13. O-O Qb6+ 14.
Kh1 Ne3 15. Bxe3 Qxe3 16. c3 e5 17. Qc2 Bf5 18. Nd6 Be6 19. Nxb7 Qb6 20. Nd6 Nb4 21. cxb4 Qxd6 22. Qc5 Rfd8 23. Rac1 Rab8 24. b5 Bb3 25. Qxa7 Ra8 26. Qe3 Rxa4 27. b6 Rb4 28. Nd2 Rxb6 29. Ne4 Qb8 30. Nc5 Bd5 31. Bf3 Bxf3 32. Qxf3 Qa7 33. b3 Rbd6 34. Nb7 Rxd3 35. Qxf7+ Kh8 36.
Nxd8 Qxf7 37. Nxf7+ Kg8 38. Rc8+ Bf8 39. Ng5 Kg7 40.
Ne6+ 1-0

[Event "Late-Titled-Tuesday-Blitz-April-23-2024"]
[Site "Chess.com"]
[Date "2024.04.23"]
[Round "1"]
[White "MyDream003"]
[Black "Bugcrusher"]
[Result "1-0"]
[WhiteElo "2840"]
[BlackElo "2490"]
[TimeControl "180+1"]
[EndTime "14:06:24 PDT"]
[Termination "MyDream003 won by resignation"]

1. Nf3 d5 2. b3 Nf6 3. Bb2 e6 4.
g3 c5 5. Bg2 Nc6 6. O-O Be7 7.
e3 O-O 8. d4 cxd4 9. Nxd4 Nxd4 10.
Bxd4 Bd7 11. Nd2 Bc6 12. c4 a6 13. Qe2 Rc8 14. Rfd1 Qa5 15. a3 dxc4 16. Nxc4 Qb5 17.
a4 Qf5 18. Bxc6 Rxc6 19. a5 Qh3 20. Qf1 Qh5 21. f3 Rfc8 22. Rac1 Bc5 23. Qf2 Bxd4 24. Rxd4 e5 25. Rd2 e4 26. f4 Ng4 27. Qe1 Qc5 28. Rcd1 h5 29. Rd5 Qe7 30. Rxh5 g6 31. Rhd5 Rc5 32.
Rd7 Qf6 33. h3 Nh6 34. g4 Qc6 35. R7d6 Qb5 36. Rd8+ Kg7 37. Qc3+ f6 38. R1d6 Rxd8 39.
Qxf6+ Kh7 40. Rxd8 Ng8 41. Qf7+ 1-0